 Dungeon Crawl Stone Soup version 0.30-a0-1094-g860fb061e7 (webtiles) character file.

Game seed: 15216959731771521161

2071 croobank the Shield-Bearer (level 9, -5/54 HPs)
             Began as a Demonspawn Fire Elementalist on Apr 17, 2023.
             Was a Follower of Hepliaklqana.
             Slain by a shadow (33 damage)
             ... on level 7 of the Dungeon.
             The game lasted 00:28:04 (9374 turns).

croobank the Shield-Bearer (DsFE)                   Turns: 9374, Time: 00:28:04

Health: -5/54      AC:  2    Str:  9    XL:     9   Next: 5%
Magic:  8/14       EV: 11    Int: 21    God:    Hepliaklqana [*.....]
Gold:   175        SH: 11    Dex: 13    Spells: 9/15 levels left

rFire   . . .      SeeInvis .    a - +4 short sword
rCold   . . .      Faith    .    h - +1 kite shield
rNeg    . . .      Spirit   .    L - +0 robe
rPois   .          Reflect  .    (helmet restricted)
rElec   .          Rampage  .    (no cloak)
rCorr   .                        (gloves unavailable)
Will    .....                    (no boots)
Stlth   ++                       (no amulet)
HPRegen 0.29/turn                (no ring)
MPRegen 0.14/turn                (no ring)

@: no status effects
A: reduced essence, antennae 2, claws 3, hooves 1
a: Renounce Religion, Recall Ancestor, Ancestor Identity


You were on level 7 of the Dungeon.
You worshipped Hepliaklqana.
Hepliaklqana was aware of your devotion.
You visited 2 branches of the dungeon, and saw 9 of its levels.
You also visited: Sewer.

You collected 465 gold pieces.
You spent 290 gold pieces at shops.

Inventory:

Hand Weapons
 a - a +4 short sword (weapon)
 b - a +0 triple crossbow
 q - a +2 heavy dire flail
 F - a +0 sling
 H - a +4 mace
 J - a +2 halberd of pain
Missiles
 e - 25 poisoned darts (quivered)
 k - 6 javelins
Armour
 c - a +0 ring mail
 h - a +1 kite shield (worn)
 j - a +0 leather armour
 L - a +0 robe (worn)
Jewellery
 y - a ring of see invisible
 K - a ring of flight
 N - the amulet of Catwuwn {Acrobat *Corrode rF+ Dex+4}
   (You found it on level 6 of the Dungeon)

   [amulet of the acrobat]

   It increases your evasion while moving and waiting.
   Dex:       It affects your dexterity (+4).
   rF:        It protects you from fire.
   *Corrode:  It may corrode you when you take damage.
Wands
 w - a wand of flame (16)
Scrolls
 d - a scroll of torment
 i - a scroll of magic mapping {unknown}
 m - 6 scrolls of identify
 u - 3 scrolls of teleportation
 v - a scroll of blinking
 z - 2 scrolls of enchant armour
 A - 2 scrolls of immolation {unknown}
 E - a scroll of noise {unknown}
 I - a scroll of brand weapon {unknown}
 M - a scroll of vulnerability {unknown}
Potions
 f - 3 potions of might
 g - a potion of heal wounds
 l - a potion of mutation {unknown}
 n - 4 potions of haste {unknown}
 o - a potion of invisibility {unknown}
 p - a potion of attraction {unknown}
 r - a potion of degeneration {unknown}
 s - 2 potions of flight {unknown}
 t - a potion of cancellation {unknown}
 B - 3 potions of curing {unknown}
 C - 2 potions of magic
 D - a potion of lignification {unknown}
 G - a potion of brilliance {unknown}


   Skills:
 + Level 2.0 Fighting
 + Level 3.5 Dodging
 + Level 3.7 Stealth
 - Level 7.1 Shields
 + Level 3.6 Spellcasting
 + Level 3.3 Conjurations
 * Level 2.2 Hexes
 + Level 1.5 Summonings
 - Level 3.7 Fire Magic
 * Level 3.2 Invocations


You had 9 spell levels left.
You knew the following spells:

 Your Spells              Type           Power      Damage    Failure   Level
a - Foxfire               Conj/Fire      72%        2x1d7     8%          1
b - Scorch                Fire           38%        2d6       10%         2
c - Summon Guardian Gole  Hex/Summ       11%        N/A       41%         3

Your spell library contained the following spells:

 Spells                   Type           Power      Damage    Failure   Level
 Summon Small Mammal      Summ           40%        N/A       17%         1
 Inner Flame              Hex/Fire       16%        N/A       26%         3
 Volatile Blastmotes      Fire/Tloc      22%        2d11      41%         3
 Call Canine Familiar     Summ           10%        N/A       45%         3
 Flame Wave               Conj/Fire      18%        2d7       58%         4
 Gell's Gravitas          Tloc           3%         N/A       67%         3
 Ozocubu's Armour         Ice            3%         N/A       67%         3
 Teleport Other           Tloc           3%         N/A       67%         3
 Metabolic Englaciation   Hex/Ice        4%         N/A       99%         5
 Dispersal                Tloc           1%         N/A       100%        6
 Simulacrum               Ice/Necr       1%         N/A       100%        6


Dungeon Overview and Level Annotations

Branches:
Dungeon (8/15)             Temple (1/1) D:6           Sewer (visited)
   Lair: D:8-11

Altars:
Ashenzari
Cheibriados
Dithmenos
Fedhas
Gozag
Hepliaklqana
Kikubaaqudgha
Makhleb
Nemelex Xobeh
Okawaru
Qazlal
Ru
Uskayaw
Vehumet
Wu Jian
Xom
Yredelemnul

Shops:
D:5 *


Innate Abilities, Weirdness & Mutations

Your life essence is reduced to manifest your ancestor. (-10% HP)
You have a pair of antennae on your head.
You have claws for hands.
You have large cloven feet.


Message History

There is a stone staircase leading down here.
Casting: Scorch (safe; 10% risk of failure)
Confirm with . or Enter, or press ? or * to list all spells.
You don't have enough magic to cast this spell.
The shadow closely misses Londisizwe.
Londisizwe hits the shadow.
You climb downwards.
There is a stone staircase leading up, spattered with blood here.
You start resting.
Magic restored.
You climb upwards.
You block the gnoll's attack.
The shadow slips into darkness.
The shadow flickers and vanishes!
Deactivating autopickup; reactivate with Ctrl-A.
Londisizwe hits something but does no damage.
The gnoll hits you with a +0 whip.
There is a stone staircase leading down here.
Casting: Scorch (safe; 10% risk of failure)
Confirm with . or Enter, or press ? or * to list all spells.
Flames lash something but do no damage.
Londisizwe hits something.
The shadow strikes at you from the darkness!
Reactivating autopickup.
You block the gnoll's attack.
Casting: Scorch (safe; 10% risk of failure)
Confirm with . or Enter, or press ? or * to list all spells.
Flames lash the shadow.
The shadow is heavily damaged.
The shadow's fire resistance burns away.
Londisizwe hits the shadow but does no damage.
The shadow slips into darkness.
The shadow flickers and vanishes!
Deactivating autopickup; reactivate with Ctrl-A.
You block the gnoll's attack.
Casting: Scorch (safe; 10% risk of failure)
Confirm with . or Enter, or press ? or * to list all spells.
Flames lash the gnoll.
The gnoll is moderately wounded.
The gnoll's fire resistance burns away.
Londisizwe hits something!
The shadow strikes at you from the darkness!
Ouch! That really hurt!
You die...

#.....###.......<....#
.......###..........##
#....................##
#.....................##.
#.............)).........
...............[.........
[..................>.....
#...............#{R......
##.......###....@...)....
#.....#..###...g........#
......#...#........[...##
.......#...............#
...............#...#..##
#..............#..#..##
#.#............#....##
..................÷.#
........#.#


You could see the friendly Londisizwe the ancestor and a gnoll (combustible).

Vanquished Creatures
  Sigmund (D:2)
  2 water moccasins (D:7)
  An orc warrior (D:7)
  3 black bears
  An ogre (D:5)
  A kobold brigand (D:6)
  2 bullfrogs
  A scorpion (D:5)
  A killer bee (D:8)
  A howler monkey (D:5)
  3 hounds
  A jelly (D:6)
  2 orc priests (D:5)
  3 iguanas
  6 orc wizards
  2 gnolls (D:7)
  8 adders
  A river rat (D:4)
  A shadow imp (D:5)
  2 worms
  6 dart slugs
  17 orcs
  14 ball pythons
  20 endoplasms
  11 giant cockroaches
  5 goblins
  8 hobgoblins
  11 quokkas
  7 bats
  12 frilled lizards
  10 kobolds
  4 rats
168 creatures vanquished.

Vanquished Creatures (collateral kills)
  A sky beast (D:7)
  A phantom (D:7)
  2 orc wizards (D:7)
4 creatures vanquished.

Vanquished Creatures (others)
  2 ancestors (D:7)
  314 foxfires
  3 plants (D:2)
319 creatures vanquished.

Grand Total: 491 creatures vanquished

Notes
Turn   | Place    | Note
-------+----------+-------------------------------------------
     0 | D:1      | croobank the Demonspawn Fire Elementalist began the quest
                  | for the Orb.
     0 | D:1      | Reached XP level 1. HP: 13/13 MP: 3/3
   358 | D:1      | Discovered your monstrous ancestry.
   358 | D:1      | Gained mutation: You have large cloven feet. [demonic
                  | ancestry]
   358 | D:1      | Reached XP level 2. HP: 19/19 MP: 1/5
   488 | D:1      | Learned a level 2 spell: Scorch
  1366 | D:1      | Reached XP level 3. HP: 24/24 MP: 3/6
  2131 | D:2      | Noticed Sigmund
  2141 | D:2      | Killed Sigmund
  2142 | D:2      | Gained mutation: You have a pair of small antennae on your
                  | head. [demonic ancestry]
  2142 | D:2      | Reached XP level 4. HP: 15/30 MP: 0/8
  2142 | D:2      | Gained mutation: You have sharp fingernails. [demonic
                  | ancestry]
  2142 | D:2      | Reached XP level 5. HP: 18/35 MP: 0/9
  2772 | D:3      | Found a hide-covered altar of Uskayaw.
  3615 | D:4      | Gained mutation: You have a pair of antennae on your head.
                  | [demonic ancestry]
  3615 | D:4      | Reached XP level 6. HP: 12/41 MP: 4/10
  3720 | D:4      | Found a glowing drain.
  3724 | Sewer    | Entered a sewer
  4353 | Sewer    | Reached skill level 1 in Fighting
  4353 | Sewer    | Reached skill level 1 in Shields
  5293 | D:4      | Reached skill level 2 in Shields
  5348 | D:4      | Reached XP level 7. HP: 39/48 MP: 1/11
  5528 | D:5      | Entered Level 5 of the Dungeon
  5536 | D:4      | Reached skill level 3 in Shields
  5959 | D:5      | Found Ea-nāṣir's Fine Metal Goods.
  5963 | D:5      | Bought a triple crossbow for 290 gold pieces
  6072 | D:5      | Reached skill level 4 in Shields
  6480 | D:5      | Reached skill level 5 in Shields
  6737 | D:6      | Found a staircase to the Ecumenical Temple.
  6746 | D:6      | Gained mutation: You have very sharp fingernails. [demonic
                  | ancestry]
  6746 | D:6      | Reached XP level 8. HP: 54/54 MP: 1/12
  6775 | Temple   | Entered the Ecumenical Temple
  6841 | Temple   | Became a worshipper of Hepliaklqana the Forgotten
  6955 | D:6      | Reached skill level 6 in Shields
  7777 | D:6      | Reached skill level 7 in Shields
  7871 | D:6      | Learned a level 3 spell: Summon Guardian Golem
  8030 | D:6      | Reached * piety under Hepliaklqana
  8074 | D:6      | Identified the amulet of Catwuwn {Acrobat *Corrode rF+
                  | Dex+4}
  8412 | D:7      | Reached skill level 1 in Invocations
  8416 | D:7      | Noticed a green ugly thing
  8617 | D:7      | Reached skill level 1 in Hexes
  8823 | D:7      | Reached skill level 1 in Summonings
  9205 | D:8      | Gained mutation: You have claws for hands. [demonic
                  | ancestry]
  9205 | D:8      | Reached XP level 9. HP: 40/54 MP: 7/14
  9374 | D:7      | Slain by a shadow

Illustrated notes

Levels and vault maps discovered:
D:1:      eino_arrival_water_star, layout_loops_ring, hangedman_decor_slide_cut
D:2:      cheibrodos_old_hovel, layout_rooms, uniq_sigmund
D:3:      layout_basic, eat_drink_and_be_merry_uskayaw
D:4:      layout_basic, gup_sewer_entry_spiral
D:5:      layout_basic, nicolae_ea-nasir_strikes_again, serial_park_tiny_2,
          minmay_statues_item, minmay_misc_feat_secret_circle
D:6:      black_bear_nest_1, layout_loops_corners, minmay_temple_entry_slanted
D:7:      layout_layer_cave, serial_shops, nicolae_shop_real_fake_doors,
          minmay_manual_moon
D:8:      layout_basic, serial_shops, nicolae_shop_hallway_plus, minmay_holes,
          uniq_psyche
Temple:   hellmonk_temple_of_storms

Skill      XL: |  1  2  3  4  5  6  7  8  9 |
---------------+----------------------------+-----
Stealth        | 2 3 |  3.7
Dodging        | 2 3 |  3.5
Fire Magic     | 3 |  3.7
Spellcasting   | 3 |  3.6
Conjurations   | 2 3 |  3.3
Fighting       | 1 2 |  2.0
Shields        | 2 5 7 |  7.1
Invocations    | 3 |  3.2
Hexes          | 2 |  2.2
Summonings     | 1 |  1.5

Action                     |  1- 3 |  4- 6 |  7- 9 || total
---------------------------+-------+-------+-------++-------
  Melee: Unarmed           |     2 |       |       ||     2
         Short sword       |     7 |    42 |    35 ||    84
         Kick              |     2 |     4 |    10 ||    16
   Fire: Sling             |       |       |    12 ||    12
  Throw: Throwing net      |       |       |     3 ||     3
   Cast: Foxfire           |    36 |    86 |    72 ||   194
         Scorch            |    22 |    44 |    78 ||   144
    Use: Scroll            |     5 |     7 |     3 ||    15
         Potion            |       |       |     2 ||     2
 Armour: Robe              |     5 |    16 |     6 ||    27
  Dodge: Dodged            |    10 |    36 |    28 ||    74
  Block: Kite shield       |       |     9 |    58 ||    67

Table legend: (Time is in decaauts)
 A = Elapsed time spent in this place.
 B = Non-inter-level travel time spent in this place.
 C = Inter-level travel time spent in this place.
 D = Time resting spent in this place.
 E = Time spent auto-exploring this place.
 F = Levels seen in this place.
 G = Mean time per level.
                   A        B        C        D        E       F      G
               +--------+--------+--------+--------+--------+-----+--------+
         Total |   9514 |   9218 |    296 |   3410 |   4074 |  10 |  951.4 |
       Dungeon |   8481 |   8192 |    289 |   2924 |   3901 |   8 | 1060.1 |
        Temple |     95 |     88 |      7 |      0 |     70 |   1 |   95.0 |
         Sewer |    937 |    937 |      0 |    486 |    103 |   1 |  937.0 |
               +--------+--------+--------+--------+--------+-----+--------+

Top non-repeatable levels by time:
     D:6: 1843 daAuts
     D:1: 1537 daAuts
     D:4: 1412 daAuts
     D:2: 1123 daAuts
     D:5: 1110 daAuts
   Sewer: 937 daAuts
     D:3: 741 daAuts
     D:7: 410 daAuts
     D:8: 302 daAuts
  Temple: 95 daAuts
